AoeStats
← schmeno

Arabia

510152699Analyzed
1v1 RM · 3d ago on Sep 29, 2026· 57m 50s· 2 players
Game mode
Random Map
Map size
Tiny (2 player)
Population
200
Speed
Normal
Resources
Standard
Victory
Conquest
Starting age
Dark Age
Ending age
Imperial Age
RankedLock teamsTeams togetherTeam positionsShared explorationLock speedFull tech treeHidden civsTurbo modeCheats
Victory
Defeat
🇺🇸 Saxons · United States
1163
+17
🇺🇸 Britons · United States
1190
-17
schmeno
6:58 Loom
7:01 Loom
9:39 Feudal Age
10:34 Double-Bit Axe
20:03 Castle Age
18:21 Horse Collar
18:34 Fletching
20:16 Crossbowman
20:53 Bodkin Arrow
21:45 Bow Saw
24:29 Stone Mining
26:23 Padded Archer Armor
31:04 Imperial Age
29:18 Gold Mining
30:10 Wheelbarrow
29:59 Scale Mail Armor
31:04 Chain Mail Armor
31:40 Forging
32:48 Bracer
34:32 Iron Casting
34:32 Block Printing
35:23 Leather Archer Armor
37:16 Ballistics
39:16 Chemistry
39:53 Plate Mail Armor
40:38 Bloodlines
40:28 Husbandry
41:13 Guard Tower
41:10 Clerical Recruitment
41:18 Light Cavalry
42:31 Ring Archer Armor
42:10 Scale Barding Armor
41:56 Shield Wall
42:13 Elite Hearth Troop
43:29 Arrowslits
44:07 Hussar
46:46 Keep
49:57 Arbalester
51:47 Thumb Ring
55:46 Ring Archer Armor
lil2jim
7:57 Loom
9:45 Feudal Age
11:31 Double-Bit Axe
11:27 Horse Collar
17:09 Wheelbarrow
19:49 Castle Age
21:03 Hand Cart
24:59 Bow Saw
24:57 Heavy Plow
27:27 Fletching
29:36 Bodkin Arrow
29:46 Padded Archer Armor
31:45 Leather Archer Armor
35:20 Imperial Age
35:35 Ballistics
36:05 Bracer
36:36 Ring Archer Armor
36:57 Yeomen
38:26 Chemistry
37:41 Elite Longbowman
40:33 Scale Mail Armor
40:43 Forging
39:56 Man-at-Arms
40:47 Squires
40:33 Arson
40:35 Gambesons
41:07 Squires
40:44 Long Swordsman
41:56 Yeomen
42:38 Gold Mining
42:54 Two-Handed Swordsman
43:48 Forging
45:58 Champion
47:32 Chain Mail Armor
47:52 Iron Casting
49:58 Plate Mail Armor
51:24 Blast Furnace
Connection lost

Rejoining the realm…

Still unreachable

The connection could not be restored.

Session expired

The server has moved on; the page needs a fresh start.